 Dungeon Crawl Stone Soup version 0.28-a0-95-g65e1ffefe4 (webtiles) character file.

Game seed: 5054756654726532417

11914 SolCadguy the Carver (level 11, -4/79 (84) HPs)
             Began as a White Draconian Hedge Wizard on Aug 9, 2021.
             Was an Elder of Hepliaklqana.
             Slain by a hell rat (14 damage)
             ... on level 1 of the Lair of Beasts.
             The game lasted 01:00:46 (17321 turns).

SolCadguy the Carver (DrWz)                        Turns: 17321, Time: 01:00:49

HP:   -4/79 (84)    AC: 10    Str: 14    XL:     11   Next: 55%
MP:   9/17          EV: 14    Int: 16    God:    Hepliaklqana [****..]
Gold: 461           SH:  4    Dex: 11    Spells: 0/19 levels left

rFire   + + .      SeeInvis .   G - +4 falchion
rCold   + . .      Faith    .   o - +0 buckler "Foogu" {rF++}
rNeg    . . .      Spirit   .   (armour unavailable)
rPois   .          Reflect  .   b - +0 hat
rElec   .          Harm     .   q - +0 cloak
rCorr   .          Rampage  .   L - +0 pair of gloves
Will    .....                   n - +0 pair of boots
Stlth   ++........              (no amulet)
HPRegen 0.23/turn               (no ring)
MPRegen 0.15/turn               (no ring)

@: lethally poisoned (-4 -> -9), very slightly contaminated, drained
A: reduced essence, breathe frost, AC +7, unfitting armour, cold resistance 1,
cold-blooded
a: Breathe Frost, Renounce Religion, Recall Ancestor, Ancestor Identity,
Transference, Idealise


You were on level 1 of the Lair of Beasts.
You worshipped Hepliaklqana.
Hepliaklqana was greatly pleased with you.
You visited 3 branches of the dungeon, and saw 15 of its levels.

You collected 581 gold pieces.
You spent 120 gold pieces at shops.

Inventory:

Hand Weapons
 a - a +0 dagger
 j - a +0 scimitar
 w - a +0 rapier
 D - a +0 long sword
 F - a +1 falchion of holy wrath
 G - a +4 falchion (weapon)
Missiles
 d - 87 poisoned darts (quivered)
 g - 339 stones
 x - 8 atropa-tipped darts
 E - 4 boomerangs
Armour
 b - a +0 hat (worn)
 n - a +0 pair of boots (worn)
 o - the +0 buckler "Foogu" (worn) {rF++}
   (You found it on level 9 of the Dungeon)

   rF:        It greatly protects you from fire.
 q - a +0 cloak (worn)
 L - a +0 pair of gloves (worn)
Jewellery
 s - a ring of positive energy
 K - an amulet of reflection
Wands
 i - a wand of paralysis (14)
 B - a wand of iceblast (7)
Scrolls
 c - 6 scrolls of teleportation
 e - a scroll of immolation
 k - a scroll of fog
 t - 3 scrolls of enchant weapon
 u - a scroll of vulnerability
 v - a scroll of amnesia
 y - a scroll of blinking
 C - a scroll of brand weapon
 J - a scroll of enchant armour
Potions
 f - 2 potions of berserk rage
 h - a potion of heal wounds
 l - 2 potions of brilliance
 m - 2 potions of attraction
 p - a potion of resistance
 r - 2 potions of lignification
 z - 3 potions of curing
 A - 2 potions of haste
 H - 2 potions of cancellation
 I - 3 potions of flight {unknown}
 M - a potion of might {unknown}


   Skills:
 + Level 7.8 Fighting
 + Level 12.8 Long Blades
 - Level 6.2 Dodging
 - Level 1.7 Stealth
 - Level 4.1 Shields
 - Level 4.5 Spellcasting
 - Level 3.0 Conjurations
 - Level 1.0 Summonings
 - Level 1.0 Translocations
 + Level 1.4 Fire Magic
 - Level 4.0 Ice Magic
 - Level 4.0 Poison Magic


You couldn't memorise any spells.
You knew the following spells:

 Your Spells              Type           Power      Damage    Failure   Level
a - Magic Dart            Conj           52%        1d5       4%          1
b - Blink                 Tloc           N/A        N/A       16%         2
c - Call Imp              Summ           6%         N/A       16%         2
d - Slow                  Hex            3%         N/A       24%         2
e - Poisonous Vapours     Pois/Air       20%        N/A       11%         2
f - Mephitic Cloud        Conj/Pois/Air  11%        N/A       19%         3
g - Ozocubu's Armour      Ice            16%        N/A       10%         3
h - Sticky Flame          Conj/Fire      10%        2d3       54%         4

Your spell library contained the following spells:

 Spells                   Type           Power      Damage    Failure   Level
 Sting                    Tmut/Pois      40%        1d5       7%          1
 Static Discharge         Conj/Air       8%         N/A       13%         2
 Beastly Appendage        Tmut           6%         N/A       16%         1
 Conjure Flame            Conj/Fire      10%        6-21      19%         3
 Spider Form              Tmut/Pois      5%         N/A       22%         3
 Wereblood                Tmut           3%         N/A       24%         2
 Olgreb's Toxic Radiance  Pois           16%        N/A       30%         4
 Passage of Golubria      Tloc           N/A        N/A       71%         4
 Dispel Undead            Necr           3%         3d7       85%         4
 Metabolic Englaciation   Hex/Ice        5%         N/A       89%         5
 Silence                  Hex/Air        1%         N/A       99%         5
 Simulacrum               Ice/Necr       5%         N/A       100%        6
 Lehudib's Crystal Spear  Conj/Erth      4%         10d3      100%        8


Dungeon Overview and Level Annotations

Branches:
Dungeon (12/15)            Temple (1/1) D:4            Lair (2/6) D:10
    Orc (0/2) D:9
  Swamp: Lair:2-4    Shoals: Lair:2-4     Snake: Lair:2-4    Spider: Lair:2-4

Altars:
Ashenzari
Cheibriados
Dithmenos
Elyvilon
Fedhas
Gozag
Hepliaklqana
Kikubaaqudgha
Makhleb
Nemelex Xobeh
Okawaru
Qazlal
Ru
Sif Muna
Trog
Uskayaw
Vehumet
Wu Jian
Xom
Yredelemnul
Zin
The Shining One

Shops:
D:10 *


Innate Abilities, Weirdness & Mutations

Your life essence is reduced to manifest your ancestor. (-10% HP)
You can breathe waves of freezing cold which knock back foes.
Your icy white scales are hard. (AC +7)
You cannot fit into any form of body armour.
Your flesh is cold resistant. (rC+)
You are cold-blooded and may be slowed by cold attacks.


Message History

Your icy armour will break if you move.
Continue? [Y]es or [N]o only, please.
Your icy armour will break if you move.
Continue? [Y]es or [N]o only, please.
Your icy armour will break if you move.
Continue?
Okay, then.
You slash the hell rat!
The hell rat is almost dead.
The hell rat completely misses you.
You riposte.
You hit the hell rat.
The hell rat is moderately wounded.
You block the cane toad's attack. The hell rat bites you!
You hit the hell rat.
The hell rat is almost dead.
The hell rat barely misses you.
You riposte.
You hit the hell rat.
The hell rat is lightly wounded.
The hell rat bites you!
You feel drained. The hell rat closely misses you.
You riposte.
You hit the hell rat.
You kill the hell rat!
The cane toad stings you.
You are poisoned.
The cane toad poisons you!
Unknown command.
Unknown command.
Your icy armour will break if you move.
Continue?
You feel very sick. The hell rat bites you!
You feel drained. The hell rat closely misses you.
The cane toad barely misses you.
You climb upwards.
Your icy armour cracks and falls away as you move.
You feel very sick.
There is a stone staircase leading down here.
Okay, then.
Casting: Ozocubu's Armour (dangerous; 10% risk of failure)
Confirm with . or Enter, or press ? or * to list all spells.
You miscast Blink.
You are very lightly contaminated with residual magic.
Nothing appears to happen.
You feel sick. The hell rat bites you!
* * * LOW HITPOINT WARNING * * *
The hell rat bites you!
You die...

#......###.......
####.#..###....###
#PP#..........####
#....P###........#
#...### ##........
#.....# #.####....
###...# ### #....
##F...# ##.#..
#@r#### ##...##
#r#### #.....#
###....# #.###..
#......# #..≈#.#
##......## ##§§§##
##........##
#§§§§#
#P....#....#
#.§§§#
##...##...##
#§§..# ##...######
##§§.§#


You could see a cane toad and 2 hell rats.

Vanquished Creatures
  3 two-headed ogres
  A lindwurm (Lair:1)
  2 ugly things
  2 cane toads (Lair:1)
  An unseen horror (D:10)
  A komodo dragon (Lair:1)
  2 trolls (D:10)
  A slime creature (D:5)
  2 shadows
  2 wyverns (D:9)
  2 wraiths
  A steam dragon (D:8)
  3 water moccasins
  2 orc warriors (D:9)
  An ice beast (D:6)
  4 black bears
  A hornet zombie (D:7)
  An ogre (D:5)
  2 necrophages
  5 wolves (Lair:1)
  4 centaurs
  6 kobold brigands
  3 bullfrogs
  A gnoll sergeant (D:9)
  2 scorpions
  3 wights (D:8)
  7 killer bees
  2 electric eels
  4 jellies
  A bullfrog zombie (D:5)
  3 centaur zombies
  2 hounds
  2 gnoll shamans (D:4)
  2 orc priests
  A bullfrog skeleton (D:5)
  6 orc wizards
  A hell rat (Lair:2)
  2 howler monkey zombies
  10 gnolls
  6 adders
  A howler monkey skeleton (D:6)
  A shadow imp (D:6)
  A white imp (D:6)
  A worm (D:3)
  2 dart slugs
  11 orcs
  5 ball pythons
  13 endoplasms
  8 goblins
  8 hobgoblins
  2 jackals (D:2)
  14 kobolds
  3 bats (D:1)
  2 frilled lizards
  3 rats
182 creatures vanquished.

Vanquished Creatures (collateral kills)
  2 cane toads (Lair:1)
  A wyvern (D:11)
  4 orc warriors
  3 wolves (Lair:1)
  An ogre (D:5)
  A gnoll sergeant (D:10)
  2 killer bees
  A wight (D:8)
  A centaur zombie (D:6)
  A jelly (D:8)
  An orc wizard (D:9)
  A hell rat (Lair:2)
  2 gnolls (D:9)
  An adder (D:6)
  5 orcs
  3 kobolds (D:10)
30 creatures vanquished.

Vanquished Creatures (others)
  6 hexers
  An ancestor (D:7)
  7 fungi (D:5)
  13 plants
  7 toadstools (D:5)
34 creatures vanquished.

Grand Total: 246 creatures vanquished

Notes
Turn   | Place    | Note
-------+----------+-------------------------------------------
     0 | D:1      | SolCadguy the Draconian Hedge Wizard began the quest for
                  | the Orb.
     0 | D:1      | Reached XP level 1. HP: 14/14 MP: 4/4
   442 | D:1      | Reached XP level 2. HP: 13/20 MP: 4/6
   563 | D:1      | Learned a level 2 spell: Blink
   566 | D:1      | Learned a level 2 spell: Call Imp
   569 | D:1      | Learned a level 2 spell: Slow
  1462 | D:2      | Found a faded altar of an unknown god.
  1652 | D:2      | Reached XP level 3. HP: 24/26 MP: 7/7
  2070 | D:2      | Found a radiant altar of Vehumet.
  2252 | D:3      | Found a sacrificial altar of Ru.
  2286 | D:3      | Reached skill level 2 in Long Blades
  2445 | D:3      | Reached XP level 4. HP: 17/33 MP: 4/8
  2991 | D:3      | Found a radiant altar of Vehumet.
  2991 | D:3      | Found a hide-covered altar of Uskayaw.
  3228 | D:3      | Found a stormy altar of Qazlal.
  3454 | D:3      | Reached skill level 3 in Long Blades
  3783 | D:4      | Noticed a black bear
  4018 | D:4      | Found a shadowy altar of Dithmenos.
  4213 | D:3      | Reached XP level 5. HP: 34/38 MP: 7/9
  4270 | D:4      | Killed a black bear
  4639 | D:4      | Reached skill level 4 in Long Blades
  5023 | D:4      | Found a staircase to the Ecumenical Temple.
  5029 | Temple   | Entered the Ecumenical Temple
  5272 | Temple   | Became a worshipper of Hepliaklqana the Forgotten
  5338 | D:4      | Reached XP level 6. HP: 36/45 MP: 11/11
  5437 | D:4      | Learned a level 2 spell: Poisonous Vapours
  5441 | D:4      | Learned a level 3 spell: Mephitic Cloud
  6031 | D:5      | Entered Level 5 of the Dungeon
  6053 | D:5      | Reached skill level 1 in Poison Magic
  6446 | D:5      | Your scales start taking on an icy white colour.
  6446 | D:5      | Reached XP level 7. HP: 50/50 MP: 9/13
  6446 | D:5      | Gained mutation: Your flesh is cold resistant. (rC+) [White
                  | Draconian growth]
  6450 | D:5      | Learned a level 3 spell: Ozocubu's Armour
  6516 | D:5      | Reached skill level 5 in Long Blades
  6516 | D:5      | Reached skill level 1 in Ice Magic
  7157 | D:5      | Reached XP level 8. HP: 20/57 MP: 6/14
  7223 | D:5      | Reached skill level 6 in Long Blades
  7331 | D:5      | Noticed a slime creature
  7705 | D:5      | Killed a slime creature
  7706 | D:5      | Reached skill level 7 in Long Blades
  8172 | D:6      | Reached * piety under Hepliaklqana
  8371 | D:6      | Reached skill level 8 in Long Blades
  9086 | D:7      | Reached skill level 9 in Long Blades
  9209 | D:7      | Reached XP level 9. HP: 36/55 MP: 5/15
  9390 | D:7      | Reached ** piety under Hepliaklqana
  9391 | D:7      | Remembered your ancestor Publia as a hexer
  9888 | D:8      | Noticed a two-headed ogre
 10731 | D:8      | Found a blossoming altar of Fedhas.
 10760 | D:8      | Reached skill level 10 in Long Blades
 10931 | D:8      | Noticed a two-headed ogre
 10956 | D:8      | Killed a two-headed ogre
 10957 | D:8      | Reached skill level 5 in Dodging
 11589 | D:8      | Killed a two-headed ogre
 11590 | D:8      | Reached skill level 11 in Long Blades
 11590 | D:8      | Reached XP level 10. HP: 60/62 MP: 4/16
 12370 | D:9      | Identified the +0 buckler "Foogu" {rF++}
 12446 | D:9      | Reached *** piety under Hepliaklqana
 12479 | D:9      | Noticed a red ugly thing
 12497 | D:9      | Reached skill level 1 in Shields
 12550 | D:8      | Killed a red ugly thing
 12871 | D:9      | Reached skill level 1 in Fighting
 13299 | D:9      | Found a staircase to the Orcish Mines.
 13689 | D:10     | Entered Level 10 of the Dungeon
 13690 | D:10     | You fall into a shaft and drop 2 floors!
 13786 | D:12     | Noticed a two-headed ogre
 13801 | D:12     | Killed a two-headed ogre
 13990 | D:12     | Noticed a skeletal warrior
 14373 | D:11     | Reached skill level 5 in Fighting
 14562 | D:10     | Found a staircase to the Lair.
 14625 | D:10     | Noticed a brown ugly thing
 14981 | D:10     | Found Lide's General Store.
 14990 | D:10     | Bought a scroll of enchant armour for 120 gold pieces
 15061 | D:10     | Reached XP level 11. HP: 69/79 MP: 3/17
 15181 | D:10     | Reached skill level 12 in Long Blades
 15337 | D:10     | Killed a brown ugly thing
 15578 | D:10     | Learned a level 4 spell: Sticky Flame
 16001 | Lair:1   | Entered Level 1 of the Lair of Beasts
 16466 | Lair:1   | Reached **** piety under Hepliaklqana
 16817 | Lair:1   | Noticed a lindwurm
 16827 | Lair:1   | Killed a lindwurm
 16828 | Lair:1   | Reached skill level 1 in Fire Magic
 17321 | Lair:1   | Slain by a hell rat

Illustrated notes

Levels and vault maps discovered:
D:1:      roderic_chinese_lattice_arrival, layout_basic
D:2:      layout_loops_ring, basic_altar, basic_ecumenical_altar
D:3:      layout_basic, nicolae_ru_great_annihilating_truth,
          nicolae_qazlal_scattered_showers, gammafunk_temple_overflow_statue
D:4:      layout_loops_ring, nicolae_dithmenos_the_darkroom,
          minmay_temple_entry_trees, st_stairs_4, minmay_cut_off
D:5:      cheibrodos_fertilizer, layout_loops_ring
D:6:      layout_rooms, serial_bayou_lagoon_a
D:7:      layout_gridville
D:8:      layout_basic, mainiacjoe_overflow_surrounded_room,
          nicolae_straight_to_the_point
D:9:      layout_loops_ring, orc_0_dummy, minmay_orc_keep
D:10:     minmay_spotlight, layout_rooms, lair_entry_dummy, serial_shops,
          nicolae_lakefront_shop, kennysheep_generic_room_16
D:11:     layout_loops_ring, portal_ice_cave_entry_ice_simulacra
D:12:     layout_roguey
Temple:   eino_temple_rhombus
Lair:1:   layout_misc_corridors, nicolae_volcano_entry_vermiform
Lair:2:   cheibrodos_lair_overgrown_chateau, layout_gridlike,
          minmay_shoals_entry_beasts, special_room [special_room_bee],
          grunt_megastairs_4, serial_bayou_shore_b, lemuel_fruit_tree,
          uniq_sonja

Skill      XL: |  1  2  3  4  5  6  7  8  9 10 11 |
---------------+----------------------------------+-----
Conjurations   | 2 3 |  3.0
Long Blades    | 2 3 4 5 9 11 12 | 12.8
Spellcasting   | 4 |  4.5
Poison Magic   | 2 3 4 |  4.0
Ice Magic      | 3 4 |  4.0
Dodging        | 5 6 |  6.2
Shields        | 4 |  4.1
Fighting       | 5 7 |  7.8
Fire Magic     | 1 |  1.4
Stealth        | |  1.7
Summonings     | |  1.0
Translocations | |  1.0

Action                   |  1- 3 |  4- 6 |  7- 9 | 10-12 || total
-------------------------+-------+-------+-------+-------++-------
Melee: Dagger            |    58 |       |       |       ||    58
       Tailslap          |     4 |    19 |    27 |    43 ||    93
       Falchion          |     7 |    77 |   212 |   288 ||   584
       Whip              |       |    52 |       |       ||    52
       Long sword        |       |       |    25 |       ||    25
Throw: Dart              |       |    15 |    11 |    11 ||    37
       Boomerang         |       |       |     2 |     1 ||     3
 Cast: Magic Dart        |    48 |    48 |    97 |    42 ||   235
       Blink             |       |     5 |     6 |     3 ||    14
       Call Imp          |       |     5 |     6 |     1 ||    12
       Slow              |       |     3 |     5 |       ||     8
       Poisonous Vapours |       |       |    30 |    74 ||   104
       Ozocubu's Armour  |       |       |     3 |     8 ||    11
       Mephitic Cloud    |       |       |     5 |     5 ||    10
Invok: Recall Ancestor   |       |       |     1 |     2 ||     3
       Ancestor Life: He |       |       |     1 |       ||     1
 Abil: Breathe Frost     |       |       |    15 |    14 ||    29
Evoke: Wand              |       |     1 |     1 |     1 ||     3
  Use: Scroll            |       |     5 |       |    12 ||    17
       Potion            |       |     1 |     2 |     4 ||     7
 Stab: Sleeping          |     1 |     3 |       |       ||     4
       Distracted        |       |     1 |     1 |     3 ||     5
       Confused          |       |       |     4 |    13 ||    17
Armor: Skin              |    19 |    26 |    73 |    81 ||   199
Dodge: Dodged            |    33 |    88 |   144 |   127 ||   392
Block: Buckler           |       |       |       |    39 ||    39
       Rpst.: Falchion   |     1 |    19 |    43 |    31 ||    94
       Long sword        |       |       |     2 |       ||     2

Table legend: (Time is in decaauts)
 A = Elapsed time spent in this place.
 B = Non-inter-level travel time spent in this place.
 C = Inter-level travel time spent in this place.
 D = Time resting spent in this place.
 E = Time spent auto-exploring this place.
 F = Levels seen in this place.
 G = Mean time per level.
                   A        B        C        D        E       F      G
               +--------+--------+--------+--------+--------+-----+--------+
         Total |  17264 |  16572 |    692 |   5129 |   8733 |  15 | 1150.9 |
       Dungeon |  15737 |  15105 |    632 |   4961 |   7661 |  12 | 1311.4 |
        Temple |    254 |    244 |     10 |      0 |    178 |   1 |  254.0 |
          Lair |   1272 |   1222 |     50 |    168 |    894 |   2 |  636.0 |
               +--------+--------+--------+--------+--------+-----+--------+

Top non-repeatable levels by time:
     D:3: 2427 daAuts
     D:8: 2185 daAuts
     D:9: 1782 daAuts
     D:4: 1742 daAuts
     D:5: 1436 daAuts
    D:10: 1311 daAuts
     D:1: 1289 daAuts
  Lair:1: 1264 daAuts
     D:7: 1044 daAuts
     D:6: 933 daAuts
     D:2: 893 daAuts
    D:12: 609 daAuts
  Temple: 254 daAuts
    D:11: 81 daAuts
  Lair:2: 7 daAuts
